 Dungeon Crawl Stone Soup version 0.29-a0-582-ge82337ba6a (webtiles) character file.

Game seed: 17938859852265052380

576 YayAnonymity the Ruffian (level 7, -5/60 HPs)
             Began as a Ghoul Fighter on June 15, 2022.
             Was an Initiate of Makhleb.
             Slain by a steam dragon (6 damage)
             ... on level 5 of the Dungeon.
             The game lasted 00:06:09 (3940 turns).

YayAnonymity the Ruffian (Ghoul Fighter)            Turns: 3940, Time: 00:06:10

Health: -5/60      AC: 11    Str: 20    XL:     7   Next: 35%
Magic:  6/6        EV:  9    Int:  5    God:    Makhleb [......]
Gold:   163        SH:  4    Dex:  8    Spells: 6/6 levels left

rFire   . . .      SeeInvis .     - Unarmed
rCold   + . .      Faith    .   b - +0 buckler
rNeg    + + +      Spirit   .   a - +0 scale mail
rPois   ∞          Reflect  .   m - +0 helmet
rElec   .          Harm     .   k - +2 cloak
rCorr   .          Rampage  .   (no gloves)
Will    .....                   (no boots)
Stlth   ..........              (no amulet)
HPRegen 0.00/turn               (no ring)
MPRegen 0.10/turn               (no ring)

@: inhibited regen
A: claws 1, cold resistance 1, negative energy resistance 3, inhibited
regeneration, torment resistance 2, devour on kill
a: Renounce Religion


You were on level 5 of the Dungeon.
You worshipped Makhleb.
Makhleb was noncommittal.
You visited 2 branches of the dungeon, and saw 6 of its levels.
You also visited: Sewer.

You collected 163 gold pieces.

Inventory:

Hand Weapons
 t - a +4 mace
 v - a +2 whip of electrocution
Armour
 a - a +0 scale mail (worn)
 b - a +0 buckler (worn)
 k - a +2 cloak (worn)
 m - a +0 helmet (worn)
Scrolls
 e - 3 scrolls of blinking
 i - 2 scrolls of fog
 l - 3 scrolls of enchant weapon
 n - 5 scrolls of teleportation
 o - a scroll of amnesia {unknown}
 q - a scroll of immolation {unknown}
 s - a scroll of fear {unknown}
Potions
 c - a potion of might
 d - a potion of haste
 f - a potion of flight
 g - 4 potions of curing {unknown}
 h - 2 potions of heal wounds
 j - 2 potions of invisibility
 p - a potion of mutation {unknown}
 r - a potion of attraction {unknown}
 u - a potion of degeneration {unknown}


   Skills:
 + Level 4.7 Fighting
 + Level 4.4 Armour
 - Level 2.6 Shields
 * Level 6.5 Unarmed Combat
 + Level 1.1 Invocations


You had 6 spell levels left.
You didn't know any spells.
Your spell library was empty.

Dungeon Overview and Level Annotations

Branches:
Dungeon (5/15)             Temple (1/1) D:5           Sewer (visited)

Altars:
Ashenzari
Cheibriados
Dithmenos
Elyvilon
Fedhas
Gozag
Kikubaaqudgha
Makhleb
Nemelex Xobeh
Okawaru
Qazlal
Ru
Sif Muna
Trog
Uskayaw
Vehumet
Wu Jian
Xom
Yredelemnul
The Shining One

Shops:
D:5 (


Innate Abilities, Weirdness & Mutations

You are immune to poison.
You have sharp fingernails.
Your flesh is cold resistant. (rC+)
You are immune to negative energy. (rN+++)
You do not regenerate when monsters are visible.
You are immune to unholy pain and torment.
You thrive by killing the living.


Message History

The steam dragon is heavily wounded.
The steam dragon bites you. The steam dragon barely misses you.
You scratch the steam dragon but do no damage.
The steam dragon is heavily wounded.
You are engulfed in a cloud of scalding steam.
The steam dragon breathes steam at you. The ball of steam misses you.
You closely miss the steam dragon.
The steam dragon is heavily wounded.
The steam dragon bites you but does no damage.
The steam dragon claws you.
You barely miss the steam dragon.
The steam dragon is heavily wounded.
The steam dragon breathes steam at you. The ball of steam misses you.
You barely miss the steam dragon.
The steam dragon is heavily wounded.
You are engulfed in a cloud of scalding steam.
The steam dragon bites you but does no damage.
The steam dragon claws you but does no damage.
You claw the steam dragon!
The steam dragon is severely wounded.
You are engulfed in a cloud of scalding steam.
The steam dragon bites you! The steam dragon claws you.
You barely miss the steam dragon.
The steam dragon is severely wounded.
The steam dragon breathes steam at you. The ball of steam hits you!!
* * * LOW HITPOINT WARNING * * *
You claw the steam dragon!
The steam dragon is almost dead.
You are engulfed in a cloud of scalding steam.
* * * LOW HITPOINT WARNING * * *
The steam dragon closely misses you. The steam dragon barely misses you.
You barely miss the steam dragon.
The steam dragon is almost dead.
You are engulfed in a cloud of scalding steam.
* * * LOW HITPOINT WARNING * * *
The steam dragon bites you.
You die...

..#......#....# #...####.8.>
.........#.#..###...####....
...............##...#..(#.8
.. #...........<..........#..
...#..........#§.......#.....
#.#......###.§.§..(...<.....
#.[.....................##..
##.....####§##..............
.##.....##.D@..........###...
........#...###........#####.
..#.!......## #...........##.
# ###......# #........##..#.
#......# #........######
###....# ######.......##
#..∩.# #...>...## ####..
#.......# ##.# #.......#


You could see a steam dragon (catching breath).

Vanquished Creatures
  A black bear (D:3)
  An ice beast (D:5)
  A scorpion (D:5)
  A hound (D:5)
  An orc priest (D:3)
  2 iguanas (D:5)
  A hell rat (Sewer)
  5 adders
  5 gnolls
  A river rat (Sewer)
  5 worms
  6 orcs
  5 ball pythons
  6 endoplasms
  2 giant cockroaches
  3 goblins
  9 hobgoblins
  4 quokkas
  9 bats
  5 frilled lizards
  4 kobolds
  32 rats
109 creatures vanquished.

Vanquished Creatures (others)
  A plant (D:3)
1 creature vanquished.

Grand Total: 110 creatures vanquished

Notes
Turn   | Place    | Note
-------+----------+-------------------------------------------
     0 | D:1      | YayAnonymity the Ghoul Fighter began the quest for the Orb.
     0 | D:1      | Reached XP level 1. HP: 19/19 MP: 0/0
    31 | D:1      | Found a faded altar of an unknown god.
   247 | D:1      | Reached XP level 2. HP: 26/26 MP: 1/1
   551 | D:1      | Reached skill level 3 in Unarmed Combat
   846 | D:2      | Found a shimmering altar of Xom.
   941 | D:2      | Reached XP level 3. HP: 31/31 MP: 2/2
  1274 | D:2      | You fall into a shaft and drop 2 floors!
  1318 | D:3      | Reached skill level 4 in Unarmed Combat
  1318 | D:3      | Reached XP level 4. HP: 35/38 MP: 3/3
  1569 | D:4      | Found a glowing drain.
  1579 | Sewer    | Entered a sewer
  1923 | D:4      | Reached XP level 5. HP: 45/45 MP: 4/4
  2250 | D:3      | Noticed a black bear
  2256 | D:3      | Killed a black bear
  2257 | D:3      | Reached skill level 5 in Unarmed Combat
  2257 | D:3      | Reached XP level 6. HP: 39/52 MP: 5/5
  2615 | D:2      | Identified the +1 leather armour of the Dowdy God {rF-
                  | Str+2 Int+2}
  3250 | D:5      | Entered Level 5 of the Dungeon
  3256 | D:5      | Noticed an ice beast
  3268 | D:5      | Killed an ice beast
  3270 | D:5      | Found a staircase to the Ecumenical Temple.
  3283 | D:5      | Reached skill level 6 in Unarmed Combat
  3283 | D:5      | Reached XP level 7. HP: 55/60 MP: 6/6
  3288 | Temple   | Entered the Ecumenical Temple
  3317 | Temple   | Became a worshipper of Makhleb the Destroyer
  3740 | D:5      | Found Bicsuo's Antique Weapon Shop.
  3755 | D:5      | Reached skill level 1 in Invocations
  3827 | D:5      | Noticed a steam dragon
  3938 | D:5      | HP: 2/60 [steam dragon] (2)]
  3940 | D:5      | Slain by a steam dragon

Illustrated notes

Levels and vault maps discovered:
D:1:      minmay_arrival_cross, layout_basic, ebering_ecumenical_altar_webs
D:2:      layout_basic, basic_altar
D:3:      layout_rooms, hangedman_decor_lopped, corexii_corridor_pit,
          serial_bayou_pond_b, minmay_rat_hole
D:4:      layout_cave_pools, cheibrodos_sewer_entry_bend,
          hangedman_feature_mirror
D:5:      layout_rooms, kennysheep_mini_moat, mainiacjoe_overflow_alcove_2,
          minmay_temple_entry_statues_pillars, serial_shops, shop,
          serial_curves, eino_curves_02, eino_curves_02, eino_curves_01,
          eino_curves_02, uniq_edmund
Temple:   regret_index_temple_chain_breaker

Skill      XL: |  1  2  3  4  5  6  7 |
---------------+----------------------+-----
Unarmed Combat | 3 4 5 6 |  6.5
Armour         | 3 4 |  4.4
Fighting       | 4 |  4.7
Invocations    | 1 |  1.1
Shields        | |  2.6

Action                   |  1- 3 |  4- 6 |  7- 9 || total
-------------------------+-------+-------+-------++-------
Melee: Unarmed           |    99 |   230 |    60 ||   389
  Use: Scroll            |       |     9 |       ||     9
Armor: Scale mail        |    52 |    74 |    27 ||   153
Dodge: Dodged            |    50 |    78 |    22 ||   150
Block: Buckler           |    19 |    37 |    10 ||    66

Table legend: (Time is in decaauts)
 A = Elapsed time spent in this place.
 B = Non-inter-level travel time spent in this place.
 C = Inter-level travel time spent in this place.
 D = Time resting spent in this place.
 E = Time spent auto-exploring this place.
 F = Levels seen in this place.
 G = Mean time per level.
                   A        B        C        D        E       F      G
               +--------+--------+--------+--------+--------+-----+--------+
         Total |   3939 |   3703 |    236 |    281 |   2468 |   7 |  562.7 |
       Dungeon |   3433 |   3212 |    221 |     77 |   2299 |   5 |  686.6 |
        Temple |    161 |    146 |     15 |      0 |    122 |   1 |  161.0 |
         Sewer |    344 |    344 |      0 |    204 |     47 |   1 |  344.0 |
               +--------+--------+--------+--------+--------+-----+--------+

Top non-repeatable levels by time:
     D:2: 996 daAuts
     D:4: 713 daAuts
     D:1: 709 daAuts
     D:3: 570 daAuts
     D:5: 443 daAuts
   Sewer: 344 daAuts
  Temple: 161 daAuts
